 Dungeon Crawl Stone Soup version 0.31.0-11-ge490571c62 (webtiles) character file.

Game seed: 8555212553631739343

46 olmar the Trooper (level 3, -1/46 HPs)
             Began as an Armataur Berserker on Feb 4, 2024.
             Was a Believer of Trog.
             Killed by divine providence
             ... invoked by an orc priest
              (10 damage)
             ... on level 3 of the Dungeon.
             The game lasted 00:01:44 (1036 turns).

olmar the Trooper (Armataur Berserker)              Turns: 1036, Time: 00:01:44

Health: -1/46      AC:  5    Str: 24    XL:     3   Next: 44%
Magic:  3/3        EV:  9    Int:  7    God:    Trog [**....]
Gold:   32         SH:  0    Dex:  9    Spells: 2/2 levels left

rFire   . . .        a - +0 mace
rCold   . . .        (no shield)
rNeg    . . .        b - +0 animal skin
rPois   .            (no helmet)
rElec   .            d - +0 cloak
rCorr   .            (no gloves)
SInv    .            (no barding)
Will    .....        (no amulet) Stlth
                     (no ring)
HPRegen 0.27/turn    (no ring)
MPRegen 0.08/turn

%: roll
@: berserking (expiring), very quick
A: large, deformed body, tough skin 3, armoured tail, roll 1
a: Renounce Religion, Berserk, Trog's Hand


You were on level 3 of the Dungeon.
You worshipped Trog.
Trog was pleased with you.
You visited 1 branch of the dungeon, and saw 3 of its levels.

You collected 32 gold pieces.

Inventory:

Hand Weapons
 a - a +0 mace (weapon)
 j - a +2 vampiric whip
Missiles
 g - 4 poisoned darts (quivered)
Armour
 b - a +0 animal skin (worn)
 d - a +0 cloak (worn)
 f - a +0 ring mail
Scrolls
 c - a scroll of butterflies
 h - 2 scrolls of identify
Potions
 e - 2 potions of curing {unknown}
 i - a potion of lignification {unknown}
 k - a potion of heal wounds {unknown}


   Skills:
 + Level 3.3 Fighting
 + Level 3.2 Maces & Flails
 + Level 2.6 Armour
 + Level 1.7 Dodging
 + Level 0.3 Stealth


You had 2 spell levels left.
You didn't know any spells.
Your spell library was empty.

Dungeon Overview and Level Annotations

Branches:
Dungeon (3/15)

Altars:
Yredelemnul


Innate Abilities, Weirdness & Mutations

Armour fits poorly on your strangely shaped body.
You have extremely tough skin. (AC +3)
You have a long armoured tail.
You regenerate magic when rolling toward enemies. (Rampage MPRegen)


Message History

An orc priest comes into view. It is wielding a +2 dagger of venom.
Found a stone staircase leading down.
You barely miss the orc.
The orc priest shouts!
You hit the orc.
The orc is almost dead.
The orc barely misses you. The orc hits you with a +0 mace.
Unknown command.
You closely miss the orc.
The orc priest calls down the wrath of Beogh upon you.
Beogh smites you! The orc hits you but does no damage.
The orc barely misses you.
Unknown command.
You hit the orc.
The orc is severely wounded.
The orc barely misses you.
Unknown command.
You hit the orc.
You kill the orc!
Trog accepts your kill. The orc hits you with a +0 flail!
The orc priest calls down the wrath of Beogh upon you.
Beogh smites you!
* * * LOW HITPOINT WARNING * * *
Unknown command.
You hit the hobgoblin.
The hobgoblin is heavily wounded.
An adder comes into view.
The hobgoblin barely misses you. The orc closely misses you.
The orc hits you with a +0 dagger.
* * * LOW HITPOINT WARNING * * *
The orc priest looks satisfied for a moment.
The adder moves out of view.
You sock the hobgoblin!
You kill the hobgoblin!
Trog accepts your kill.
You can now call upon Trog for regeneration and willpower.
The orc hits you but does no damage.
The orc priest invokes the aid of Beogh against you.
Beogh smites you!
You die...

.##.# #.. .##.# ...
.##.###.### ...........
###.###.###
###...#.#<##############
........†...............
#####...).#######o......
###.........@o......
#.#.......#o...[..
#.#.#.....#o......
#...#.###.+.......
###.#.# ###.>..... #.#.#
....... #.#.# .......
#.#.# ####### #.#


You could see an orc priest and 3 orcs.

Vanquished Creatures
  An adder (D:2)
  A dart slug (D:3)
  2 ribbon worms (D:2)
  An orc (D:3)
  A ball python (D:2)
  4 bats (D:2)
  2 endoplasms (D:2)
  3 giant cockroaches
  2 goblins
  2 hobgoblins
  2 jackals (D:2)
  3 kobolds (D:2)
  A quokka (D:2)
  2 frilled lizards (D:2)
  A rat (D:2)
28 creatures vanquished.

Notes
Turn   | Place    | Note
-------+----------+-------------------------------------------
     0 | D:1      | olmar the Armataur Berserker began the quest for the Orb.
     0 | D:1      | Reached XP level 1. HP: 18/18 MP: 1/1
   104 | D:1      | You fall into a shaft and drop 1 floor!
   239 | D:2      | Reached XP level 2. HP: 15/25 MP: 2/2
   457 | D:2      | Found a basalt altar of Yredelemnul.
   540 | D:2      | Reached XP level 3. HP: 20/31 MP: 3/3
  1036 | D:3      | Reached ** piety under Trog
  1036 | D:3      | Killed from afar by an orc priest

Illustrated notes

Levels and vault maps discovered:
D:1:      sevenhm_arrival_forest_fort_large_4, layout_rooms,
          minmay_misc_feat_secret_circle
D:2:      layout_loops_cross, basic_altar
D:3:      layout_basic, beargit_hepliaklqana_dungeon_heroes,
          gup_sewer_entry_glass, uniq_jessica, uniq_terence

Skill      XL: |  1  2 |
---------------+-------+-----
Fighting       | 3 |  3.3
Maces & Flails | 3 |  3.2
Armour         | |  2.6
Dodging        | |  1.7
Stealth        | |  0.3

Action                     || total
---------------------------++-------
  Melee: Mace              ||    89
         Tailslap          ||     9
         Punch             ||     1
  Throw: Dart              ||     1
 Invoke: Berserk           ||     1
    Use: Scroll            ||     1
 Armour: Animal skin       ||    66
  Dodge: Dodged            ||    46
